Cogmind - Beta 13 @@@ ROGUE MODE // 2024.04.09 @ 09:51:06 Player: Kinga Result: Self-destructed Performance ------------- Evolutions (2) 1000 Regions Visited (4) 800 Robots Destroyed (26) 130 Value Destroyed (649) 649 Prototype IDs (0) 0 Alien Tech Used (0) 0 Bonus (0) 0 TOTAL SCORE: 2579 Bonus ------- None Cogmind --------- Core Integrity 502/550 Matter 1/300 Energy 85/100 System Corruption 0% Temperature Cool (20) Movement Core (500) Ox9 Location -8/Materials Parts ------- > --- POWER (1) -------- (None) > --- PROPULSION (2) --- (None) > --- UTILITY (4) ------ Large Storage Unit Armor Integrity Analyzer Utility Shielding > --- WEAPON (4) ------- Subdweller Shrapnel Launcher > --- INVENTORY (15) --- Ion Engine Makeshift Hacking Suite Assault Rifle Grenade Launcher Ripper Peak State ------------ > --- POWER ------------ Ion Engine > --- PROPULSION ------- Flexi-carbon Leg Flexi-carbon Leg > --- UTILITY ---------- Large Storage Unit Subdweller Optics Armor Integrity Analyzer Utility Shielding > --- WEAPON ----------- Battle Rifle Subdweller Machine Gun Subdweller Machine Gun Barrage Gun > --- INVENTORY -------- Ion Engine Spiked Treads Makeshift Hacking Suite Assault Rifle Subdweller Machine Gun Light Cannon Bore Cannon Grenade Launcher Subdweller Shrapnel Launcher Ripper [Rating: 30] Favorites ----------- Power Ion Engine Engine Ion Engine Power Core Fission Core Propulsion Flexi-carbon Leg Treads Light Treads Leg Flexi-carbon Leg Utility Large Storage Unit Device Improved Terrain Scanner Storage Large Storage Unit Processor Armor Integrity Analyzer Protection Utility Shielding Weapon Light Assault Rifle Ballistic Gun Light Assault Rifle Ballistic Cannon Bore Cannon Launcher Subdweller Shrapnel Launcher Build | -11 -10 -10 -10 -8 ------- Run | Yrd Mat Min Sub Mat Slots Evolved 4 | . . . . 4 Power . | . . . . . Propulsion . | . . . . . Utility 2 | . . . . 2 Weapon 2 | . . . . 2 Parts Attached 39 | 6 . 13 10 10 Power 4 | 1 . 2 1 . Engine 3 | 1 . 1 1 . Core 1 | . . 1 . . Reactor . | . . . . . Propulsion 5 | 2 . 2 . 1 Treads 3 | 2 . . . 1 Leg 2 | . . 2 . . Wheel . | . . . . . Hover . | . . . . . Flight . | . . . . . Utility 8 | 1 . 4 1 2 Device 3 | . . 2 . 1 Storage 3 | 1 . 2 . . Processor 1 | . . . . 1 Hackware . | . . . . . Protection 1 | . . . 1 . Artifact . | . . . . . Weapon 22 | 2 . 5 8 7 Energy Gun . | . . . . . Energy Cannon . | . . . . . Ballistic Gun 16 | 2 . 4 7 3 Ballistic Cannon 5 | . . 1 1 3 Launcher 1 | . . . . 1 Special Weapon . | . . . . . Impact Weapon . | . . . . . Slashing Weapon . | . . . . . Piercing Weapon . | . . . . . Special Melee Weapon . | . . . . . Unidentified Prototypes . | . . . . . Parts Lost 20 | . . 6 3 11 Power 3 | . . 1 1 1 Propulsion 4 | . . 1 . 3 Utility 3 | . . 1 1 1 Weapon 10 | . . 3 1 6 Highest Loss Streak 8 | . . 3 2 8 To Critical Strikes . | . . . . . Average Slot Usage (%) 93 | . 85 90 99 89 Engine 11 | . 14 11 10 8 Core 2 | . . 1 3 . Treads 11 | . 28 16 . 3 Leg 12 | . . 4 28 11 Device 7 | . . 13 2 9 Storage 13 | . 14 14 14 9 Protection 4 | . . . 10 9 Ballistic Gun 27 | . 28 27 27 22 Naked Turns . | . . . . . Heaviest Build 47 | 12 12 41 36 47 Greatest Support 40 | 40 40 40 40 40 Greatest Overweight (x) 2 | 1 . 1 . 2 Average Overweight (x) . | . . . . 1 Largest Inventory Capacity 15 | 8 8 15 15 15 Average Capacity 12 | 6 8 13 15 15 Most Carried 15 | 2 6 10 15 13 Average Carried 8 | 1 3 7 13 7 Final Capacity 15 | 8 8 15 15 15 Final Carried 14 | 2 6 10 14 5 Class Distribution -------------------- 55% | Scavenger-Mutant 41% | Mutant Dominant Class ---------------- Mutant | -10/Materials Scavenger-Mutant | -10/Mines Scavenger-Mutant | -10/Subcaves Scavenger-Gunner | -8/Materials Resources | -11 -10 -10 -10 -8 ----------- Run | Yrd Mat Min Sub Mat Matter Collected 841 | 176 155 275 210 25 Remotely . | . . . . . Salvage Created 665 | . 155 188 122 200 Parts 54 | . 18 15 9 12 Haulers Intercepted . | . . . . . Recyclers Shooed . | . . . . . Parts Field Recycled . | . . . . . Retrieved Matter . | . . . . . Parts Self-Destructed 7 | . . . 7 . Prevented . | . . . . . Kills | -11 -10 -10 -10 -8 ------- Run | Yrd Mat Min Sub Mat Combat Hostiles Destroyed 25 | . 5 10 4 6 Guns 23 | . 5 10 2 6 Cannons 1 | . . . 1 . Classes Destroyed 7 | . 3 2 2 . Builder 3 | . 2 . . 1 Swarmer 11 | . 3 5 . 3 Grunt 7 | . 2 2 . 3 Sentry 1 | . . . 1 . Demolisher 1 | . . 1 . . Subdweller 3 | . . . 3 . Assembled 2 | . . 2 . . Best Kill Streak 7 | . 5 3 2 7 Combat Bots Only 6 | . 3 3 2 6 Max Kills in Single Turn 2 | . 1 2 2 2 Gunslinging 1 | . . 1 1 1 Exploded . | . . . . . Melee . | . . . . . Uniques/NPCs Destroyed . | . . . . . Combat | -11 -10 -10 -10 -8 -------- Run | Yrd Mat Min Sub Mat Hostile Shots Fired 184 | . 33 51 34 66 Missed 56 | . 11 14 10 21 Damage Taken 2366 | . 245 506 682 933 Core 271 | . 30 57 136 48 Absorbed by Shields . | . . . . . Redirected to Shielding 29 | . . . . 29 Core Remaining (%) 55 | 100 . . 10 . Volleys Fired 100 | . 24 36 12 28 Largest 4 | . 2 2 2 4 Hottest 150 | . 40 57 85 150 Shots Fired 208 | . 48 63 25 72 Gun 173 | . 48 56 23 46 Cannon 35 | . . 7 2 26 Launcher . | . . . . . Special . | . . . . . Kinetic 208 | . 48 63 25 72 Thermal . | . . . . . Explosive . | . . . . . Electromagnetic . | . . . . . Robot Hit Streak 10 | . 10 6 4 5 Robot Miss Streak 13 | . 4 6 3 13 Penetration Max 1 | . . . . 1 Secondary Targets 6 | . 1 2 1 2 Max Gunslinging Chain 1 | . 1 1 1 1 Shots Hit Robots 108 | . 30 33 14 31 Core Hits 51 | . 10 20 7 14 Critical Kills . | . . . . . Critical Parts Destroyed 2 | . . . . 2 Critical Strikes 2 | . . . . 2 Destroy 2 | . . . . 2 Melee Attacks . | . . . . . Impact . | . . . . . Slashing . | . . . . . Piercing . | . . . . . Sneak Attacks . | . . . . . Combat Hostiles . | . . . . . Follow-up Attacks . | . . . . . Damage Inflicted 1630 | . 365 327 212 726 Guns 1353 | . 361 325 183 484 Cannons 271 | . . . 29 242 Explosions . | . . . . . Melee . | . . . . . Ramming 6 | . 4 2 . . Kinetic 1624 | . 361 325 212 726 Thermal . | . . . . . Explosive . | . . . . . Electromagnetic . | . . . . . Impact . | . . . . . Slashing . | . . . . . Piercing . | . . . . . Highest Corruption 1 | . . 1 1 . Average Corruption 1 | . . 1 1 . Corruption Purged . | . . . . . Corruption Blocked . | . . . . . Effects 15 | . . 8 7 . Message Errors 7 | . . 3 4 . Matter Fused 3 | . . 2 1 . Heat Flow Errors 1 | . . . 1 . Energy Discharges 1 | . . 1 . . Data Loss (minor) 1 | . . 1 . . Misfires 2 | . . 1 1 . Overload Shots . | . . . . . Overflow Damage . | . . . . . Projectiles . | . . . . . Explosions . | . . . . . Melee . | . . . . . Knockbacks . | . . . . . Impact . | . . . . . Kinetic . | . . . . . Secondary . | . . . . . Self-Inflicted Damage . | . . . . . Shots . | . . . . . Rammed 3 | . 2 1 . . Targets Rammed 3 | . 2 1 . . Kicked . | . . . . . Crushed . | . . . . . Highest Temperature 295 | . 2 132 237 295 Average Temperature 100 | . 2 53 108 116 Received Heat Transfer 521 | . 84 51 269 117 Effects 3 | . . . . 3 Interference 3 | . . . . 3 Siege Activations . | . . . . . Robots Corrupted . | . . . . . Combat Hostiles . | . . . . . Parts Fried . | . . . . . Impact Corruptions . | . . . . . Robots Melted . | . . . . . Combat Hostiles . | . . . . . Parts Melted . | . . . . . Heat Transferred . | . . . . . Parts Sabotaged . | . . . . . Parts Stolen . | . . . . . Parts Stripped . | . . . . . Power Chain Reactions . | . . . . . Alert | -11 -10 -10 -10 -8 ------- Run | Yrd Mat Min Sub Mat Peak Influence 166 | . 146 97 . 166 Initial 2 | . . 2 . . Average 60 | . 99 49 . 94 Maximum Alert Level . | . . . . . Low Security (%) 100 | 100 100 100 . 100 Level 1 . | . . . . . Level 2 . | . . . . . Level 3 . | . . . . . Level 4 . | . . . . . Level 5 . | . . . . . High Security . | . . . . . Max Security . | . . . . . Squads Dispatched 2 | . . . . 2 Investigation 1 | . . . . 1 Extermination . | . . . . . Reinforcement 1 | . . . . 1 Assault . | . . . . . Garrison . | . . . . . Intercept . | . . . . . Searches Triggered . | . . . . . Construction Impeded . | . . . . . Haulers Reinforced . | . . . . . Active Scanning Responses . | . . . . . Cargo Convoy Interrupts . | . . . . . Stealth | -11 -10 -10 -10 -8 --------- Run | Yrd Mat Min Sub Mat Distress Signals 1 | . 1 . . . Communications Jammed . | . . . . . Distress Signals . | . . . . . Times Spotted 38 | . 9 12 4 13 Peak Tracking Total 4 | . 3 3 2 4 Tactical Retreats 3 | . 1 . . 2 Traps | -11 -10 -10 -10 -8 ------- Run | Yrd Mat Min Sub Mat Traps Triggered 4 | . . . 4 . Indirectly . | . . . . . Trap Hack Attempts . | . . . . . Triggered . | . . . . . Disarmed . | . . . . . Reprogrammed . | . . . . . Reused . | . . . . . Traps Extracted . | . . . . . Installed . | . . . . . Triggered . | . . . . . Machines | -11 -10 -10 -10 -8 ---------- Run | Yrd Mat Min Sub Mat Machines Disabled . | . . . . . Max in Single Turn . | . . . . . Machines Repaired . | . . . . . Machines Dismantled . | . . . . . Machines Sabotaged . | . . . . . Overloaded Fab Kills . | . . . . . Hacking | -11 -10 -10 -10 -8 --------- Run | Yrd Mat Min Sub Mat Machines Accessed 3 | . 2 1 . . Terminals 3 | . 2 1 . . Fabricators . | . . . . . Repair Stations . | . . . . . Recycling Units . | . . . . . Scanalyzers . | . . . . . Garrison Access . | . . . . . Total Hacks 9 | . 5 4 . . Successful 4 | . 2 2 . . Failed 5 | . 3 2 . . Catastrophic 1 | . 1 . . . Database Lockouts . | . . . . . Manual 8 | . 5 3 . . Terminals 9 | . 5 4 . . Fabricators . | . . . . . Repair Stations . | . . . . . Recycling Units . | . . . . . Scanalyzers . | . . . . . Garrison Access . | . . . . . Terminal Hacks 4 | . 2 2 . . Branch Access Points 2 | . 1 1 . . Unreport Threat 1 | . 1 . . . Dispatch Records 1 | . . 1 . . Fabricator Hacks . | . . . . . Repair Station Hacks . | . . . . . Recycling Unit Hacks . | . . . . . Scanalyzer . | . . . . . Garrison Access Hacks . | . . . . . Unauthorized Hacks . | . . . . . Terminals . | . . . . . Fabricators . | . . . . . Repair Stations . | . . . . . Recycling Units . | . . . . . Scanalyzers . | . . . . . Garrison Access . | . . . . . Data Cores Recovered . | . . . . . Used . | . . . . . Hacking Detections 2 | . 1 1 . . Full Trace Events . | . . . . . Feedback Events . | . . . . . Feedback Blocked . | . . . . . Robot Schematics Acquired . | . . . . . Robots Built . | . . . . . Authchips . | . . . . . Time . | . . . . . Total Robot Build Rating . | . . . . . Part Schematics Acquired . | . . . . . Parts Built . | . . . . . Authchips . | . . . . . Time . | . . . . . Total Part Build Rating . | . . . . . Parts Repaired . | . . . . . Time . | . . . . . Parts Recycled . | . . . . . Recycled Matter . | . . . . . Retrieved Matter . | . . . . . Retrieved Components . | . . . . . Parts Scanalyzed . | . . . . . Part Schematics Acquired . | . . . . . Parts Damaged . | . . . . . Bothacking | -11 -10 -10 -10 -8 ------------ Run | Yrd Mat Min Sub Mat Used RIF Installer . | . . . . . Robots Hacked . | . . . . . Non-combat . | . . . . . Combat . | . . . . . Robot Hacks Applied . | . . . . . Relay Couplers Released . | . . . . . Fabnet Peak Effective % . | . . . . . Robots Rewired . | . . . . . Allies Hacked . | . . . . . Hacks Repelled . | . . . . . Allies | -11 -10 -10 -10 -8 -------- Run | Yrd Mat Min Sub Mat Total Allies . | . . . . . Largest Group . | . . . . . Highest-Rated Group . | . . . . . Highest-Rated Ally . | . . . . . Total Orders . | . . . . . Ally Attacks . | . . . . . Total Damage . | . . . . . Kills . | . . . . . Allies Corrupted . | . . . . . Allies Melted . | . . . . . Intel | -11 -10 -10 -10 -8 ------- Run | Yrd Mat Min Sub Mat Robot Analysis Total . | . . . . . Derelict Logs Recovered 2 | . . 1 1 . Drone Launches . | . . . . . Drone Recoveries . | . . . . . Exploration | -11 -10 -10 -10 -8 ------------- Run | Yrd Mat Min Sub Mat Turns Passed 3142 | 68 430 1428 1097 119 Spaces Moved 1808 | 41 220 671 865 11 Core 7 | 7 . . . . Treads 775 | 34 220 517 . 4 Legs 1026 | . . 154 865 7 Wheels . | . . . . . Hover . | . . . . . Flight . | . . . . . Fastest Speed 50 | 50 160 120 120 190 Average Speed 151 | 142 160 188 120 242 Slowest Speed 360 | 160 160 240 120 360 Overloaded Moves . | . . . . . Propulsion Burnouts . | . . . . . Robots Hopped . | . . . . . Cave-ins Triggered . | . . . . . Exploration Rate (%) 36 | 4 44 93 37 4 Regions Visited 4 Branch Regions 2 Pre-discovered Areas 1 | . . 1 . . Known Exits Taken 1 | . 1 . . . Unknown Exits Taken 3 | 1 . 1 1 . Scrap Searched 9 | . . 1 8 . Spaces Dug . | . . . . . Terrain Destroyed 6 | . . . . 6 Melee . | . . . . . Projectile 6 | . . . . 6 AOE . | . . . . . Terrain Rammed . | . . . . . Walls Destroyed . | . . . . . Machines Disabled . | . . . . . Actions | -11 -10 -10 -10 -8 --------- Run | Yrd Mat Min Sub Mat Total 2020 | 48 249 775 897 51 Wait 47 | . . 46 1 . Move 1804 | 40 219 670 864 11 Hop . | . . . . . Pick Up 18 | 2 4 6 6 . Fast Attach 12 | 6 . 5 1 . Attach 16 | . . 4 2 10 Detach 1 | . . . . 1 Swap 11 | . . 4 7 . Drop 8 | . . 3 4 1 Fire 100 | . 24 36 12 28 Melee . | . . . . . Ram . | . . . . . Kick . | . . . . . Crush 3 | . 2 1 . . Escape Stasis . | . . . . . Rewire . | . . . . . Trap . | . . . . . Miscellaneous . | . . . . . Route ------- -11/Scrapyard -10/Materials (discovered 3 exits: [*Mat] / *Min x2) -10/Mines (discovered 3 exits: [*Mat x2] / [*Sub]) -10/Subcaves -8/Materials History --------- Turn | Location | Event 25 | -11/Scrapyard | Discovered new exit (range 16) 69 | -11/Scrapyard | Entered Materials 317 | -10/Materials | Build established: Mutant 382 | -10/Materials | Identified exit to Mines 396 | -10/Materials | Discovered new exit (range 4) 499 | -10/Materials | Entered Mines 549 | -10/Mines | A weapon hastily lodged in a ceiling crevice suddenly fell to the ground 567 | -10/Mines | Assembled infested the area 572 | -10/Mines | Assisted by a Guerilla fighting off Assembled 991 | -10/Mines | Lost 3 parts (1p1n1w) 1033 | -10/Mines | Discovered new exit (range 11) 1260 | -10/Mines | Build established: Scavenger-Mutant 1367 | -10/Mines | Discovered new exit (range 8) 1921 | -10/Mines | Discovered new exit (range 3) 1927 | -10/Mines | Entered Subcaves 1935 | -10/Subcaves | Shifting Twisted Machinery released Mak. Hacking Suite 2031 | -10/Subcaves | A swath of the cavern ceiling suddenly collapsed 2081 | -10/Subcaves | Learned Materials terminal intel 2132 | -10/Subcaves | Core integrity fell below 50% 2152 | -10/Subcaves | Core integrity fell below 20% 2419 | -10/Subcaves | Discovered new exit (range 9) 2551 | -10/Subcaves | Shifting Twisted Machinery released Mak. Spear 2571 | -10/Subcaves | Shifting Twisted Machinery released Sub. Shrapnel Launcher 2813 | -10/Subcaves | Build established: Mutant 3024 | -10/Subcaves | Entered Materials 3024 | -8/Materials | Evolved 4 slots: Utility x2, Weapon x2 3025 | -8/Materials | Loaded intel: 12 terminal locations 3113 | -8/Materials | Lost 3 parts (1n2w) 3143 | -8/Materials | Self-destructed Last Messages --------------- R-06 Scavenger collects Lgt. Assault Rifle. HV Slug penetrates H-61 Shepherd. HV Slug penetrates G-47 Trooper. G-47 Trooper suffers critical hit (Destroy). Destroyed Aluminum Leg. Penetrated by Slug. Spk. Treads destroyed. U-05 Engineer builds a Wall. HV Slug penetrates H-61 Shepherd. Flexi-carbon Leg destroyed. HV Slug penetrates H-61 Shepherd. Knocked back. U-05 Engineer builds a Wall. Bore Cannon destroyed. U-05 Engineer builds a Wall. Ion Engine destroyed. U-05 Engineer builds a Wall. U-05 Engineer destroyed. Lgt. Cannon destroyed. Sub. Optics destroyed. Map ----- +----------------------------------------------------+ | ?????????????????????????????????????? | | ?????????????????????????????????????? | | ?????????????????????????????????????? | | ?????????????????????????????????????? | | ?????????????????????????????????????? | | ?????????????????????????????????????? | | ?????????????????????????????????????? | | ?????????????????????????????????????? | | ?????????????????????????????????????? | | ?????????????????????????????????????? | | ?????????????????????????????????????? | | ?????????????????????????????????????? | | ?????????????????????????????????????? | | ?????????????????????????????????????? | | ?????????????????????????????????????? | | ?????????????????????????????????????? | | ?????????????????????????????????????? | | ?????????????????????????????????????? | | ????"?????????????##????###??????????? | | ????T?????????????# ??##;##?????????? | | ????"?????????????# " ?# #?????????? | | ????????????????????T # [ #?????????? | | ????????????????????" # #?????????? | | ?????????????????????? ; +?????????? | | ???????????????????????#%% #?????????? | | ???????????????????????# @ #?????????? | | ???????????????????????# #?????????? | | ???????????????????????# #???? = # | | ???????????????????????# # # | | ???????????????????????# |# """ # | | ???????????????????????# !%+ """"" # | | ???????????????????????# =# """"" ?? | | ???????????????????????#g*%# """""??? | | ???????????????????????; %%# """ ??? | | ??????????????????????? g#? ??? | | ???????????????????????# % #?#######?? | | ??????????????????????## u##????????? | | ???????????????????????# #?????????? | | ???????????????????????# =#?????????? | | ???????????????????????# %#?????????? | | ???????????????????????# ^^#?????????? | | ???????????????????????#H^ #?????????? | | ???????????????????????#%*%#?????????? | | ???????????????????????#%%=#?????????? | | ?????????????????""T""?+ %#?????????? | | ?????????????????"""""?#% #?????????? | | ???????????????????????# ??????????? | | ???????????????????????? ??????????? | | ???????????????????????? ??????????? | | ???????????????????????? ??????????? | +----------------------------------------------------+ Best States ------------- Heat Dissipation 31 Energy Generation 18 Energy Capacity 310 Matter Stores 300 Matter Capacity 300 Sight Range 21 Terrain Scan Range 16 Terrain Scan Density 10 Utility Shielding 33 Evasion (%) 55 Armor Integrity Analysis 30 Recoil Reduction 2 Item Schematics ----------------- None Robot Schematics ------------------ None Fabricated ------------ Nothing Alien Tech Used ----------------- None Achievements -------------- None Challenges ------------ None Game ------ Seed RainbowFlightCore Manual? 0 Play Time 00:20:06 Cumulative 15.0 hours Start 2024.04.08 @ 14:35:27 End 2024.04.09 @ 09:51:06 Sessions 3 Manual Loads 0 Difficulty Rogue Special Mode None Game No. 24 Rogue 24 Adventurer 0 Explorer 0 Win Type - Total 0 Types 0/0/0/0/0/0/0/0/0 Lore% 13 Gallery% 30 Achievement% 28 Wizard Run 0 Options --------- Layout 1 ASCII 0 Keyboard 0 Movement Numpad Keybinds 0 Fullscreen 1 Font 24/Smallcaps Map View 50x35 Zoom Use 0% Tactical HUD 0 Map Filters NONE Filters NONE Steam 1 RUN: 8d1f4baf-4dbf-4cad-90e0-7c0ac0938bc4